 Dungeon Crawl Stone Soup version 0.18-a0-1745-gffa9a88 (webtiles) character file.

1540 lolka the Nimble (level 8, -2/42 HPs)
             Began as a Spriggan Fighter on Apr 11, 2016.
             Was an Initiate of Gozag.
             Slain by Sagrath01's ghost (16 damage)
             ... on level 5 of the Dungeon.
             The game lasted 00:27:07 (8030 turns).

lolka the Nimble (Spriggan Fighter)                 Turns: 8030, Time: 00:27:08

Health: -2/42      AC:  3    Str: 14    XL:     8   Next: 56%
Magic:  9/9        EV: 24    Int: 10    God:    Gozag
Gold:   847        SH:  6    Dex: 15    Spells: 0 memorised, 7 levels left

rFire  . . .     SeeInvis +     z - +4 flail
rCold  . . .     Gourm    .     b - +0 robe
rNeg   + + .     Faith    .     c - +0 buckler
rPois  .         Spirit   .     (helmet restricted)
rElec  .         Dismiss  .     j - +0 cloak
rCorr  .         Reflect  .     (gloves unavailable)
SustAt .         Harm     .     (boots unavailable)
MR     +....                    (no amulet)
Stlth  +.........               v - ring of positive energy
                                l - ring of positive energy

@: very quick, somewhat resistant to hostile enchantments, very unstealthy
A: unfitting armour, see invisible, herbivore 3, speed 3, slow metabolism 2
a: Potion Petition, Call Merchant, Bribe Branch, Renounce Religion


You were on level 5 of the Dungeon.
You worshipped Gozag.
Gozag was noncommittal.
You were not hungry.

You visited 1 branch of the dungeon, and saw 5 of its levels.

You collected 881 gold pieces.
You paid 34 gold pieces to Gozag.

Inventory:

Hand Weapons
 r - a +0 hunting sling
 z - a +4 flail (weapon)
Missiles
 a - 5 tomahawks
 k - 3 sling bullets
 m - 123 stones (quivered)
 y - 28 poisoned needles
 A - 21 bolts
 D - 100 arrows
 F - 6 needles of sleeping
Armour
 b - a +0 robe (worn)
 c - a +0 buckler (worn)
 j - a +0 cloak (worn)
Jewellery
 l - a ring of positive energy (left hand)
 v - a ring of positive energy (right hand)
Wands
 t - a wand of disintegration (0/24)
 B - a wand of polymorph (2/24)
 M - a wand of polymorph (3/24)
 N - a wand of lightning (5/15)
Scrolls
 o - 3 scrolls of fog
 p - a scroll of teleportation
 q - 2 scrolls of fear
 s - 2 scrolls of remove curse
 u - 2 scrolls of immolation
 G - 2 scrolls of identify
 I - a scroll of magic mapping {unknown}
 J - a scroll of enchant weapon {unknown}
Potions
 d - a potion of might
 e - a potion of ambrosia {unknown}
 g - 3 potions of mutation {unknown}
 h - 5 potions of curing {unknown}
 i - 2 potions of flight {unknown}
 n - a potion of agility {unknown}
 w - a potion of beneficial mutation {unknown}
 x - 2 potions of lignification {unknown}
 C - a potion of degeneration {unknown}
 E - 2 potions of berserk rage
 K - 2 potions of cure mutation {unknown}
 L - a potion of magic {unknown}
Comestibles
 f - 4 bread rations
 H - 3 royal jellies


   Skills:
 * Level 4.2 Fighting
 * Level 5.9 Maces & Flails
 + Level 10.1 Dodging
 - Level 2.1 Shields


You had 7 spell levels left.
You didn't know any spells.

Dungeon Overview and Level Annotations

Branches:
Dungeon (5/15)
 Temple: D:4-7

Altars:
Ashenzari
Elyvilon
Gozag
Pakellas
Trog
Vehumet
Xom
The Shining One

Shops:
D:3 *

Annotations:
D:5 Sagrath01's ghost, novice DsGl


Innate Abilities, Weirdness & Mutations

You are tiny and cannot use many weapons and most armour.
You have supernaturally acute eyesight.
You are a herbivore.
You cover ground extremely quickly.
You need consume almost no food.


Message History

You hit Sagrath01's ghost but do no damage.
Sagrath01's ghost is moderately damaged.
Sagrath01's ghost closely misses you.
You closely miss Sagrath01's ghost.
Sagrath01's ghost is moderately damaged.
Sagrath01's ghost completely misses you.
You barely miss Sagrath01's ghost.
Sagrath01's ghost is moderately damaged.
Sagrath01's ghost barely misses you.
You hit Sagrath01's ghost.
Sagrath01's ghost is heavily damaged.
Sagrath01's ghost completely misses you.
You hit Sagrath01's ghost.
Sagrath01's ghost is heavily damaged.
Sagrath01's ghost hits you but does no damage.
You miss Sagrath01's ghost.
Sagrath01's ghost is heavily damaged.
Sagrath01's ghost hits you! x2
You die...
Your body crumbles into a pile of gold.

....# #...........#####.####
###.####.######.#......)....#
#>...[..###.......))##.##)#
###[####...)....#####.##.##.#
....# #..####..# #.##)##.#
.#### #..# #..# ##.##.##.# o#
#..# #.p# #..##.##.##### .#
#..# #.W####.###.##...... .#
#..# #..@%.......#####... .#
#..# #............####... .#
#..## #######.#.......[..# .#
#####...# #.#.##.#######
.###......o# ##.#.##.#
.........#.# #....##.#
.###.#####.# #..####.#####
.....# .# ######..# #.....#
.##..## #.# #.......# #####.#


You could see Sagrath01's ghost and a neutral freed slave (wandering).

Vanquished Creatures
  Pikel (D:5)
  An orc warrior (D:4)
  2 phantoms (D:4)
  2 ogres
  Blork the orc (D:5)
  A giant frog skeleton (D:5)
  2 orc priests
  A jelly (D:5)
  2 iguanas
  2 orc wizards (D:5)
  3 worker ants (D:4)
  Robin (D:3)
  7 adders
  2 oozes
  An adder zombie (D:5)
  6 worms
  3 dart slugs (D:1)
  5 giant geckos
  19 orcs
  A ball python (D:2)
  10 bats
  5 giant cockroaches
  21 goblins
  11 hobgoblins
  16 jackals
  3 quokkas
  A ball python skeleton (D:4)
  7 giant newts
  4 kobolds
  11 rats
152 creatures vanquished.

Vanquished Creatures (others)
  An orc wizard (D:5)
  A worker ant (D:5)
2 creatures vanquished.

Grand Total: 154 creatures vanquished

Notes
Turn   | Place    | Note
--------------------------------------------------------------
     0 | D:1      | lolka the Spriggan Fighter began the quest for the Orb.
     0 | D:1      | Reached XP level 1. HP: 11/11 MP: 2/2
   307 | D:1      | Reached XP level 2. HP: 12/16 MP: 3/3
   520 | D:1      | Reached XP level 3. HP: 17/19 MP: 4/4
  1816 | D:2      | Reached skill level 5 in Dodging
  1837 | D:2      | Reached XP level 4. HP: 21/23 MP: 5/5
  1864 | D:2      | Found a radiant altar of Vehumet.
  1952 | D:2      | Found an oddly glowing altar of Pakellas.
  2144 | D:2      | Found a shattered altar of Ashenzari.
  2567 | D:3      | Found an opulent altar of Gozag.
  2567 | D:3      | Found Gozag's Platinum Reserve.
  2588 | D:3      | Became a worshipper of Gozag Ym Sagoz the Greedy
  2944 | D:3      | Noticed Robin
  2957 | D:3      | Killed Robin
  2968 | D:3      | Reached XP level 5. HP: 27/27 MP: 6/6
  3035 | D:3      | Found a bloodstained altar of Trog.
  3070 | D:3      | Found a glowing golden altar of the Shining One.
  3297 | D:3      | Reached skill level 6 in Dodging
  3409 | D:3      | Found a white marble altar of Elyvilon.
  4173 | D:4      | Reached XP level 6. HP: 25/32 MP: 7/7
  4338 | D:4      | Reached skill level 7 in Dodging
  5058 | D:4      | Found a shimmering altar of Xom.
  5527 | D:4      | Reached XP level 7. HP: 29/35 MP: 8/8
  6040 | D:5      | Entered Level 5 of the Dungeon
  6290 | D:5      | Noticed Sagrath01's ghost (novice DsGl)
  6639 | D:5      | Reached skill level 8 in Dodging
  7236 | D:5      | Reached skill level 5 in Maces & Flails
  7330 | D:5      | Noticed Blork the orc
  7396 | D:5      | Reached skill level 9 in Dodging
  7543 | D:5      | Killed Blork the orc
  7543 | D:5      | Reached XP level 8. HP: 32/41 MP: 9/9
  7753 | D:5      | Noticed Pikel
  7758 | D:5      | Killed Pikel
  7758 | D:5      | Reached skill level 10 in Dodging
  8030 | D:5      | Slain by Sagrath01's ghost

Vault maps used:
D:1:      dpeg_arrival_water_fire
D:2:      lemuel_round_altar, lemuel_coloured_pillars_altar, old_standard_altar,
          first_bread, kennysheep_generic_room_16
D:3:      nicolae_gozag_zags_fifth_avenue, bloody_trog, tso_metal_star,
          marbit_many_paths, uniq_robin
D:4:      old_standard_altar, serial_bayou_crossing
D:5:      uniq_blork_the_orc, uniq_pikel

Skill      XL: |  1  2  3  4  5  6  7  8 |
---------------+-------------------------+-----
Maces & Flails | 2 3 4 5 |  5.9
Dodging        | 5 6 7 9 10 | 10.1
Fighting       | 3 4 |  4.2
Shields        | |  2.1

Action                   |  1- 3 |  4- 6 |  7- 9 || total
-------------------------+-------+-------+-------++-------
Melee: Flail             |   130 |   239 |   112 ||   481
 Fire: Hunting sling     |     3 |   118 |    83 ||   204
Throw: Stone             |     2 |       |       ||     2
Evoke: Wand              |       |       |     8 ||     8
  Use: Scroll            |       |       |     9 ||     9
 Stab: Sleeping          |     1 |     2 |       ||     3
  Eat: Pizza             |       |     1 |     1 ||     2
       Fruit             |       |       |     1 ||     1
       Royal jelly       |       |       |     1 ||     1
